 Dungeon Crawl Stone Soup version 0.29-a0-474-gdfe5cd140f (webtiles) character file.

Game seed: 2237873046867691280

226 Infinimo the Cudgeller (level 5, 0/41 HPs)
             Began as a Demonspawn Gladiator on May 24, 2022.
             Succumbed to a kobold's poison
             ... on level 4 of the Dungeon.
             The game lasted 00:04:26 (3480 turns).

Infinimo the Cudgeller (Demonspawn Gladiator)       Turns: 3480, Time: 00:04:27

Health: 0/41       AC:  8    Str: 11 (14) XL:     5   Next: 69%
Magic:  7/7        EV: 12    Int:  8 (11) God:
Gold:   85         SH:  4    Dex: 13 (15) Spells: 7/7 levels left

rFire   . . .      SeeInvis .   a - +1 flail
rCold   . . .      Faith    .   p - +0 buckler
rNeg    . . .      Spirit   .   b - +0 leather armour
rPois   .          Reflect  .   c - +0 helmet
rElec   .          Harm     .   (no cloak)
rCorr   .          Rampage  .   (no gloves)
Will    .....                   (no boots)
Stlth   +.........              (no amulet)
HPRegen 0.13/turn               (no ring)
MPRegen 0.10/turn               (no ring)

@: brilliant, lethally poisoned (0 -> -3), sanguine armoured
A: powered by death 1, sanguine armour 1, weakness stinger 1, deformed body
a: no special abilities


You were on level 4 of the Dungeon.
You visited 1 branch of the dungeon, and saw 4 of its levels.

You collected 85 gold pieces.

Inventory:

Hand Weapons
 a - a +1 flail (weapon)
Missiles
 d - 3 throwing nets (quivered)
 e - a javelin
Armour
 b - a +0 leather armour (worn)
 c - a +0 helmet (worn)
 i - a scarf of shadows
 p - a +0 buckler (worn)
Scrolls
 o - a scroll of enchant weapon
Potions
 g - a potion of ambrosia
 k - 2 potions of haste
 l - a potion of cancellation
 m - a potion of attraction {unknown}
 n - a potion of heal wounds {unknown}


   Skills:
 + Level 3.1 Fighting
 * Level 4.2 Maces & Flails
 - Level 1.7 Throwing
 + Level 3.4 Dodging
 + Level 1.0 Shields
 + Level 1.9 Spellcasting


You had 7 spell levels left.
You didn't know any spells.
Your spell library was empty.

Dungeon Overview and Level Annotations

Branches:
Dungeon (4/15)
 Temple: D:4-7

Altars:
Cheibriados


Innate Abilities, Weirdness & Mutations

You regenerate a little health from kills.
When seriously injured, your blood forms armour. (AC +6)
You have a small tail.
Armour fits poorly on your strangely shaped body.


Message History

You block the adder's attack.
The kobold throws a poisoned dart.
The poisoned dart hits you!
You are lethally poisoned!
There is an open door here.
The adder attacks as you move away!
You feel very sick.
You are too injured to fight recklessly!
You are too injured to fight recklessly!
You feel yourself speed up.
You feel very sick.
* * * LOW HITPOINT WARNING * * *
You feel sick.
* * * LOW HITPOINT WARNING * * *
You feel sick.
* * * LOW HITPOINT WARNING * * *
You feel sick.
* * * LOW HITPOINT WARNING * * *
You feel sick.
* * * LOW HITPOINT WARNING * * *
You feel sick.
* * * LOW HITPOINT WARNING * * *
You feel sick.
It was a potion of degeneration.
There was something very wrong with that liquid.
You feel weakened.
You feel dopey.
You feel clumsy.
* * * LOW HITPOINT WARNING * * *
You feel sick.
It was a potion of cancellation.
Your magical effects are unravelling.
You feel magically purged.
You feel yourself slow down.
* * * LOW HITPOINT WARNING * * *
You feel sick.
It was a potion of mutation.
You feel extremely strange.
Your body twists and deforms.
* * * LOW HITPOINT WARNING * * *
You feel sick.
It was a potion of brilliance.
You feel clever all of a sudden.
You die...

. #.# .#........#....######+#.
.##.# #.#........#.............
.##.# #.#........#....g........
.##.# ##.#........#.#'#.........
..#.###..#........#K..#######'#.
.........#........#.g.#
.[....#..#........#.#.#
.........#######†##.#.#
.######.........@Sg.#.#
.....##.....#######.......
.....######## ######## .....#
.....# .....# .....# .....#
.<...#


You could see an adder and a hobgoblin.

Vanquished Creatures
  3 orc wizards
  3 gnolls (D:3)
  4 adders
  2 worms
  A dart slug (D:1)
  14 orcs
  3 endoplasms
  2 giant cockroaches
  7 goblins
  3 hobgoblins
  3 jackals (D:3)
  2 quokkas
  8 ball pythons
  2 bats
  A frilled lizard (D:1)
  4 kobolds
  7 rats
69 creatures vanquished.

Notes
Turn   | Place    | Note
-------+----------+-------------------------------------------
     0 | D:1      | Infinimo the Demonspawn Gladiator began the quest for the
                  | Orb.
     0 | D:1      | Reached XP level 1. HP: 16/16 MP: 1/1
    74 | D:1      | Found a faded altar of an unknown god.
   303 | D:1      | Gained mutation: You regenerate a little health from kills.
                  | [demonic ancestry]
   303 | D:1      | Reached XP level 2. HP: 21/22 MP: 2/2
   364 | D:1      | Reached skill level 3 in Maces & Flails
   799 | D:2      | Gained mutation: When seriously injured, your blood forms
                  | armour. (AC +6) [demonic ancestry]
   799 | D:2      | Reached XP level 3. HP: 11/28 MP: 4/4
  1222 | D:2      | Reached skill level 1 in Spellcasting
  1702 | D:2      | Found a snail-covered altar of Cheibriados.
  2368 | D:3      | Reached XP level 4. HP: 34/34 MP: 5/5
  2866 | D:3      | Gained mutation: You have a small tail. [demonic ancestry]
  2866 | D:3      | Reached XP level 5. HP: 28/40 MP: 7/7
  2877 | D:3      | Reached skill level 4 in Maces & Flails
  3400 | D:4      | Reached skill level 1 in Shields
  3478 | D:4      | HP: 2/41 [poisoned by a kobold]
  3479 | D:4      | Gained mutation: Armour fits poorly on your strangely
                  | shaped body. [potion of mutation]
  3480 | D:4      | Succumbed to a kobold's poison

Illustrated notes

Levels and vault maps discovered:
D:1:      minmay_arrival_statue_studded, layout_basic,
          ebering_ecumenical_altar_sacrificial
D:2:      layout_loops_ring, basic_altar, serial_park_tiny_pond,
          minmay_crystal_room, kennysheep_generic_room_14
D:3:      layout_basic
D:4:      layout_basic, nicolae_ossuary_entry_catacombs,
          kennysheep_another_room, minivault_25, roderic_lattice_a,
          minmay_misc_feat_columns, minmay_shop_grid_forest

Skill      XL: |  1  2  3  4  5 |
---------------+----------------+-----
Maces & Flails | 3 4 |  4.2
Dodging        | 3 |  3.4
Spellcasting   | 1 |  1.9
Fighting       | 3 |  3.1
Shields        | 1 |  1.0
Throwing       | |  1.7

Action                   |  1- 3 |  4- 6 || total
-------------------------+-------+-------++-------
Melee: Flail             |   111 |    91 ||   202
       Punch             |     1 |       ||     1
       Tailslap          |       |    11 ||    11
  Use: Scroll            |     4 |     1 ||     5
       Potion            |       |     7 ||     7
 Stab: Sleeping          |     2 |       ||     2
Armor: Leather armour    |    30 |    23 ||    53
Dodge: Dodged            |    93 |    77 ||   170
Block: Buckler           |       |    18 ||    18

Table legend: (Time is in decaauts)
 A = Elapsed time spent in this place.
 B = Non-inter-level travel time spent in this place.
 C = Inter-level travel time spent in this place.
 D = Time resting spent in this place.
 E = Time spent auto-exploring this place.
 F = Levels seen in this place.
 G = Mean time per level.
                   A        B        C        D        E       F      G
               +--------+--------+--------+--------+--------+-----+--------+
         Total |   3517 |   3421 |     96 |    300 |   2576 |   4 |  879.2 |
       Dungeon |   3517 |   3421 |     96 |    300 |   2576 |   4 |  879.2 |
               +--------+--------+--------+--------+--------+-----+--------+

Top non-repeatable levels by time:
     D:2: 1622 daAuts
     D:3: 1010 daAuts
     D:1: 792 daAuts
     D:4: 92 daAuts
